Map: Кровавое диско РВ

Players

Tapki - Winner!

  • Race: Zerg Zerg
  • League: Master
  • Spawn Location: 3:00

VoiceLegion

  • Race: Terran Terran
  • League: Diamond
  • Spawn Location: 9:00

VOD

Have the link to the VOD?

Description

Time

  • Played on: Sept. 13, 2019, 8:15 p.m.
  • Length: 10:45
Show
View Real Time Build Order
Export as new Build Order

Tapki Zerg - Winner!

Build Orders: Pool First, Swarm Host 

Get SALT Encoding   

  12  0:01  Drone  
  13  0:08  Drone  
  14  0:15  Extractor  
  14  0:16  Drone  
  14  0:32  Spawning Pool  
  13  0:39  Overlord  
  13  0:45  Drone  
  14  0:58  Drone x2  
  14  1:02  Drone  
  17  1:18  Metabolic Boost  
  17  1:21  Zergling x2  
  18  1:35  Hatchery  
  18  1:37  Zergling x2  
  18  1:40  Zergling x2  
  18  1:45  Zergling x2  
  20  1:53  Queen  
  22  2:07  Overlord  
  22  2:10  Overlord  
  22  2:25  Drone  
  22  2:28  Queen  
  25  2:46  Drone x2  
  25  2:47  Queen  
  25  2:49  Drone x2  
  31  2:59  Drone  
  31  3:04  Queen  
  34  3:09  Drone x2  
  34  3:10  Drone  
  34  3:12  Drone x2  
  38  3:21  Drone  
  38  3:22  Drone  
  40  3:32  Drone x2  
  42  3:35  Overlord  
  42  3:41  Drone  
  43  3:47  Drone  
  44  3:50  Extractor  
  44  3:51  Extractor  
  42  3:57  Drone  
  42  3:58  Lair  
  43  4:03  Drone x5  
  48  4:10  Extractor  
  48  4:13  Drone x3  
  50  4:19  Drone  
  50  4:20  Drone  
  50  4:23  Spore Crawler  
  51  4:25  Spore Crawler  
  47  4:34  Roach Warren  
  47  4:37  Overlord, Evolution Chamber, Drone  
  46  4:40  Pneumatized Carapace  
  46  4:42  Overlord  
  46  4:43  Drone x3  
  50  4:45  Drone  
  50  4:47  Drone  
  50  4:50  Drone  
  52  4:59  Spine Crawler x2  
  50  5:05  Drone  
  50  5:06  Overlord  
  51  5:15  Infestation Pit  
  50  5:22  Drone x2  
  50  5:24  Overlord  
  50  5:28  Overlord  
  52  5:30  Overlord  
  52  5:37  Overlord  
  52  5:38  Drone  
  52  5:40  Nydus Network  
  50  5:50  Roach  
  50  5:51  Roach x3  
  55  5:58  Drone x3  
  55  6:00  Drone x2  
  55  6:03  Swarm Host x2  
  66  6:08  Swarm Host  
  69  6:12  Overlord  
  67  6:26  Spore Crawler  
  67  6:27  Swarm Host x2, Drone x2  
  67  6:31  Nydus Canal  
  74  6:36  Zerg Missile Weapons Level 1  
  74  6:38  Swarm Host x3  
  83  6:56  Swarm Host x4  
  95  7:07  Swarm Host x2  
  101  7:17  Drone  
  101  7:18  Drone  
  101  7:20  Swarm Host  
  106  7:30  Nydus Canal  
  106  7:44  Nydus Canal  
  106  7:49  Glial Reconstitution  
  106  7:51  Roach  
  102  8:09  Roach x3  
  108  8:19  Overlord x3  
  108  8:20  Overlord  
  108  8:46  Swarm Host x2, Hatchery  
  108  8:47  Swarm Host x5  
  128  8:53  Drone  
  128  8:54  Overlord x2  
  129  9:09  Overlord x2  
  129  9:19  Swarm Host x3  
  139  9:31  Drone x5  
  139  9:32  Spine Crawler, Drone x2  
  139  9:33  Spine Crawler x2  
  139  9:34  Spine Crawler  
  139  9:35  Spine Crawler  
  139  9:36  Spine Crawler  
  139  9:37  Spine Crawler x2  
  139  9:38  Spine Crawler x2, Drone x2  
  137  9:49  Roach x3  
  143  10:02  Roach x2  
  143  10:03  Roach x3  
  143  10:04  Roach  
Show
View Real Time Build Order
Export as new Build Order

VoiceLegion Terran 

Build Orders: Liberator Opening, Reaper Expand 

Get SALT Encoding   

  12  0:00  SCV  
  13  0:13  SCV  
  14  0:17  Supply Depot  
  14  0:25  SCV  
  15  0:39  SCV  
  15  0:41  Barracks  
  16  0:45  Refinery  
  16  0:51  SCV  
  17  1:04  SCV  
  18  1:16  SCV  
  19  1:29  Orbital Command  
  19  1:30  Reaper  
  20  1:53  Command Center  
  20  1:55  SCV  
  21  2:03  Supply Depot  
  21  2:07  Barracks Reactor  
  20  2:09  Refinery  
  20  2:10  SCV  
  21  2:23  SCV  
  21  2:25  Factory  
  22  2:38  SCV  
  23  2:48  Marine  
  23  2:49  Marine  
  23  2:50  SCV  
  26  3:02  SCV  
  27  3:12  Orbital Command  
  27  3:14  SCV  
  28  3:22  Factory Tech Lab  
  28  3:26  Marine x2  
  30  3:29  SCV  
  31  3:36  Starport  
  31  3:45  SCV  
  33  3:49  Marine x2  
  33  3:50  Siege Tank  
  38  3:56  Liberator  
  38  4:02  SCV  
  38  4:06  Marine  
  38  4:07  Marine  
  40  4:14  Barracks  
  40  4:15  SCV, Orbital Command  
  44  4:26  Marine x2  
  45  4:35  Supply Depot  
  45  4:39  Siege Tank  
  45  4:41  SCV x2  
  50  4:45  Marine  
  50  4:47  Marine  
  52  4:56  Barracks  
  52  5:12  Starport Tech Lab  
  52  5:15  Marine x2  
  52  5:16  SCV  
  52  5:17  SCV  
  56  5:23  Factory Tech Lab, Supply Depot  
  56  5:24  Marine, Stimpack  
  57  5:28  SCV  
  57  5:29  SCV  
  57  5:35  Supply Depot  
  59  5:41  SCV x2  
  61  5:43  Starport Reactor  
  61  5:46  Marine x2  
  61  5:47  Marine  
  61  5:48  Siege Tank  
  67  5:53  SCV x2  
  69  5:59  Marine  
  70  6:04  Marine x3  
  70  6:05  SCV  
  70  6:06  SCV  
  75  6:17  Supply Depot  
  75  6:19  Supply Depot, Engineering Bay x2  
  75  6:20  Refinery  
  75  6:21  Marine  
  75  6:22  Marine x2  
  78  6:30  Refinery  
  78  6:31  SCV x2  
  80  6:33  Supply Depot  
  80  6:34  Medivac  
  80  6:36  Supply Depot  
  80  6:37  Medivac  
  84  6:52  SCV x2  
  86  6:59  Supply Depot  
  86  7:04  Marine x4, SCV  
  90  7:21  Medivac x2  
  90  7:22  Marine  
  95  7:23  Combat Shield  
  95  7:25  SCV x2  
  97  7:30  Missile Turret  
  96  7:37  SCV x2  
  96  7:38  Marine x3  
  95  7:44  Supply Depot  
  95  7:49  SCV x2  
  97  7:57  Marine x4  
  101  8:01  SCV x2  
  89  8:13  SCV x2  
  89  8:14  Marine  
  89  8:15  Marine  
  89  8:18  Siege Tank  
  89  8:19  Marauder x2  
  94  8:22  Supply Depot  
  94  8:25  SCV x2  
  96  8:32  Marine x2  
  98  8:36  Viking x2  
  98  8:37  SCV  
  100  8:51  SCV  
  94  9:39  Marine x3  
  94  9:40  Marine  
  97  9:57  Marine  
  97  9:58  Marine x3  
  57  10:15  Marine  
  57  10:17  Marine  
  57  10:18  Marine x2  
Tags
 
Add a new tag
Caveats
  • Supply blocks, unpowered buildings, or Contaminate may cause inaccurate times.
  • Supply counts are checked every 10 seconds.